 Dungeon Crawl Stone Soup version 0.31.0-32-g396128a36d (webtiles) character file.

Game seed: 6439302392823524723

376 DildoBatman the Conjurer (level 7, -5/51 HPs)
             Began as a Formicid Conjurer on Mar 14, 2024.
             Slain by a gnoll bouda
             ... wielding a +0 whip
              (6 damage)
             ... on level 6 of the Dungeon.
             The game lasted 00:09:09 (3785 turns).

DildoBatman the Conjurer (Formicid Conjurer)        Turns: 3785, Time: 00:09:10

Health: -5/51      AC:  2    Str: 12    XL:     7   Next: 3%
Magic:  3/11       EV: 12    Int: 19    God:
Gold:   434        SH:  6    Dex: 12    Spells: 6/12 levels left

rFire   . . .        e - +0 sling
rCold   . . .        l - +2 buckler
rNeg    . . .        a - +0 robe
rPois   .            (helmet unavailable)
rElec   .            (no cloak)
rCorr   +            (no gloves)
SInv    +            (no boots)
Will    .....        m - amulet of magic regeneration
Stlth   ++           y - ring of resist corrosion
HPRegen 0.28/turn    (no ring)
MPRegen 0.52/turn

%: no passive effects
@: weakened, studying Throwing
A: permanent stasis, dig shafts and tunnels, antennae 3, four strong arms
a: Dig, Shaft Self


You were on level 6 of the Dungeon.
You visited 1 branch of the dungeon, and saw 6 of its levels.

You collected 434 gold pieces.

Inventory:

Hand Weapons
 c - a +0 short sword
 e - a +0 sling (weapon)
 g - a +2 vampiric spear
 k - a +2 antimagic spear
 q - a +2 rapier of venom
Missiles
 d - 68 stones
 n - 2 javelins
 w - 5 poisoned darts
Armour
 a - a +0 robe (worn)
 l - a +2 buckler (worn)
Jewellery
 m - an amulet of magic regeneration (around neck)
 y - a ring of resist corrosion (left hand)
Scrolls
 j - 2 scrolls of revelation {unknown}
 o - a scroll of vulnerability {unknown}
 p - a scroll of enchant armour {unknown}
 r - a scroll of fear {unknown}
 s - a scroll of silence {unknown}
 t - a scroll of fog {unknown}
 u - 7 scrolls of identify {unknown}
 x - a scroll of blinking {unknown}
 A - 2 scrolls of teleportation {unknown}
Potions
 b - a potion of magic
 f - a potion of ambrosia {unknown}
 h - a potion of haste {unknown}
 i - 3 potions of might {unknown}
 v - a potion of brilliance {unknown}
 z - a potion of curing {unknown}


   Skills:
 + Level 2.5 Fighting
 + Level 2.6 Armour
 + Level 2.8 Dodging
 - Level 4.0 Stealth
 - Level 3.0 Shields
 + Level 3.1 Spellcasting
 + Level 4.2 Conjurations


You had 6 spell levels left.
You knew the following spells:

 Your Spells              Type           Power      Damage    Failure   Level
a - Searing Ray           Conj           38%        2d5       5%          2
b - Frozen Ramparts       Ice            6%         1d1       52%         3
c - Magic Dart            Conj           76%        1d6       3%          1

Your spell library contained the following spells:

 Spells                   Type           Power      Damage    Failure   Level
 Sting                    Conj/Alch      44%        1d5       9%          1
 Apportation              Tloc           6%         N/A       21%         1
 Freeze                   Ice            12%        1d3       21%         1
 Necrotise                Necr           12%        1d4       21%         1
 Summon Small Mammal      Summ           12%        N/A       21%         1
 Hailstorm                Conj/Ice       11%        3d6       26%         3
 Fulminant Prism          Conj/Alch      5%         3d7       65%         4
 Iskenderun's Mystic Bla  Conj/Tloc      11%        2d4       65%         4


Dungeon Overview and Level Annotations

Branches:
Dungeon (6/15)
 Temple: D:4-7

Altars:
Cheibriados
Fedhas
Nemelex Xobeh

Shops:
D:1 (   D:3 [

Annotations:
D:4 exclusion: sensed monster (detected), Ijyb, Sigmund
D:5 exclusion: sensed monster (detected)


Innate Abilities, Weirdness & Mutations

You cannot be hasted, slowed, berserked, paralysed or teleported.
You can dig through walls and to a lower floor.
You have a pair of large antennae on your head. (SInv)
Your four strong arms can wield two-handed weapons with a shield.


Message History

The searing ray hits the gnoll bouda.
The gnoll bouda is almost dead.
You finish channelling your searing ray.
The gnoll bouda prays to its god.
The gnoll bouda is healed somewhat.
Casting: Searing Ray (safe; 5% risk of failure)
Confirm with . or Enter, or press ? or * to list all spells.
Aiming: Searing Ray (safe; 5% risk of failure)
Press: ? - help, Shift-Dir - straight line, f/p - gnoll bouda
Aim: a gnoll bouda, wielding a +0 whip and wearing a +0 leather armour (heavily wounded, 81% to hit)
The searing ray hits the gnoll bouda but does no damage.
The gnoll bouda is heavily wounded. (Press . to maintain the ray.)
The gnoll bouda barely misses you.
The searing ray hits the gnoll bouda.
The gnoll bouda is severely wounded.
The gnoll bouda mumbles some strange prayers to its god.
The gnoll bouda is healed somewhat.
The searing ray hits the gnoll bouda.
The gnoll bouda is severely wounded.
The gnoll bouda utters an invocation to its god.
The gnoll bouda is healed somewhat.
The searing ray misses the gnoll bouda.
You finish channelling your searing ray.
The gnoll bouda gazes fiercely through you!
You feel your attacks grow feeble.
The gnoll bouda hits you with a +0 whip!
Casting: Searing Ray (safe; 5% risk of failure)
Confirm with . or Enter, or press ? or * to list all spells.
Aiming: Searing Ray (safe; 5% risk of failure)
Press: ? - help, Shift-Dir - straight line, f/p - gnoll bouda
Aim: a gnoll bouda, wielding a +0 whip and wearing a +0 leather armour (heavily wounded, 81% to hit)
The searing ray hits the gnoll bouda.
The gnoll bouda is severely wounded. (Press . to maintain the ray.)
The gnoll bouda barely misses you.
The searing ray hits the gnoll bouda.
The gnoll bouda is severely wounded.
The gnoll bouda hits you with a +0 whip.
You die...

##.. .... #..# #..#
#..# #..# #
#..###### #.#.#
#.).g@..#
......#.####.!.....
#..<...####....
#........# ..<
###.#.#### . .....#
##.#### .. ...


You could see a gnoll bouda.

Vanquished Creatures
  A scorpion (D:5)
  A sleepcap (D:5)
  8 adders
  12 gnolls
  2 ribbon worms
  3 dart slugs
  3 orcs
  6 ball pythons
  12 endoplasms
  10 goblins
  8 hobgoblins
  A jackal (D:3)
  6 quokkas
  3 bats
  10 frilled lizards
  5 kobolds
  A rat (D:3)
92 creatures vanquished.

Notes
Turn   | Place    | Note
-------+----------+-------------------------------------------
     0 | D:1      | DildoBatman the Formicid Conjurer began the quest for the
                  | Orb.
     0 | D:1      | Reached XP level 1. HP: 13/13 MP: 3/3
   174 | D:1      | Reached XP level 2. HP: 20/20 MP: 1/5
   177 | D:1      | Learned a level 2 spell: Searing Ray
   538 | D:1      | Reached XP level 3. HP: 25/25 MP: 4/6
   612 | D:1      | Reached skill level 1 in Fighting
   840 | D:1      | Found Ubbaahuor's Weapon Emporium.
  1250 | D:2      | Reached skill level 1 in Armour
  1375 | D:2      | Learned a level 3 spell: Frozen Ramparts
  1377 | D:2      | Reached XP level 4. HP: 32/32 MP: 7/7
  1477 | D:2      | Reached skill level 1 in Shields
  1764 | D:3      | Reached XP level 5. HP: 33/37 MP: 3/8
  2186 | D:3      | Found Icuuwk's Antique Armour Emporium.
  2559 | D:4      | Noticed Sigmund
  2605 | D:4      | Reached XP level 6. HP: 40/44 MP: 6/10
  2708 | D:4      | Found a snail-covered altar of Cheibriados.
  2712 | D:4      | Found a blossoming altar of Fedhas.
  3034 | D:4      | Noticed Ijyb
  3038 | D:5      | Entered Level 5 of the Dungeon
  3054 | D:5      | Noticed a black bear
  3309 | D:5      | Found a sparkling altar of Nemelex Xobeh.
  3371 | D:5      | Reached XP level 7. HP: 51/51 MP: 5/11
  3783 | D:6      | HP: 1/51 [gnoll bouda/+0 whip (13)]
  3785 | D:6      | Slain by a gnoll bouda

Illustrated notes

Levels and vault maps discovered:
D:1:      shiori_arrival_elements, layout_loops_corners, serial_shops, shop
D:2:      layout_basic
D:3:      minmay_general_purpose_star, layout_basic, serial_shops, shop
D:4:      layout_loops_ring, jmf_multi_god_temple, sigmund_edmund_badplayer,
          uniq_ijyb
D:5:      layout_basic, amcnicky_altar_gilded, temple_hall,
          gammafunk_ghost_nasty_kobolds, chequers_jeans, chequers_garden,
          minmay_manual_maat
D:6:      layout_basic, serial_shops, shop, uniq_prince_ribbit1, uniq_grinder,
          uniq_jeremiah

Skill      XL: |  1  2  3  4  5  6 |
---------------+-------------------+-----
Dodging        | 2 |  2.8
Fighting       | 1 2 |  2.5
Stealth        | 3 4 |  4.0
Armour         | 1 2 |  2.6
Shields        | 1 2 3 |  3.0
Conjurations   | 4 |  4.2
Spellcasting   | 3 |  3.1

Action                     |  1- 3 |  4- 6 |  7- 9 || total
---------------------------+-------+-------+-------++-------
  Melee: Unarmed           |    16 |       |       ||    16
   Fire: Sling             |    46 |    82 |     4 ||   132
   Cast: Magic Dart        |    27 |    33 |     2 ||    62
         Searing Ray       |     3 |    14 |     3 ||    20
 Armour: Robe              |    12 |    14 |    11 ||    37
  Dodge: Dodged            |    12 |    25 |     6 ||    43
  Block: Buckler           |     2 |    10 |     7 ||    19
